 Dungeon Crawl Stone Soup version 0.26-a0-668-gd58323b419 (webtiles) character file.

Game seed: 17633706512917725747

3063 zazu2006 the Covert (level 9, -17/76 HPs)
             Began as a Naga Hedge Wizard on Oct 18, 2020.
             Was a Believer of Vehumet.
             Demolished by a boulder beetle (38 damage)
             ... on level 7 of the Dungeon.
             The game lasted 00:14:22 (7632 turns).

zazu2006 the Covert (Naga Hedge Wizard)             Turns: 7632, Time: 00:14:22

Health: -17/76     AC: 10    Str: 20    XL:     9   Next: 88%
Magic:  7/17       EV:  9    Int: 22    God:    Vehumet [**....]
Gold:   449        SH:  0    Dex: 16    Spells: 10/19 levels left

rFire    . . .     SeeInvis +   G - +10 long sword of Hepliaklqana's Hatred {vorpal, Int+5}
rCold    . . .     Faith    .   (no shield)
rNeg     . . .     Spirit   .   u - +0 leather armour
rPois    +         Reflect  .   p - +0 helmet
rElec    .         Harm     .   (no cloak)
rCorr    .         Rampage  .   (no gloves)
MR       +....                  n - +0 barding
Stlth    ++++......             (no amulet)
HPRegen  0.22/turn              t - +6 ring of strength
MPRegen  0.15/turn              m - +6 ring of dexterity

@: very slow
A: large, see invisible, deformed body, poison resistance, slowness 2, spit
poison 1, AC +3
a: Spit Poison, Renounce Religion


You were on level 7 of the Dungeon.
You worshipped Vehumet.
Vehumet was pleased with you.
You visited 1 branch of the dungeon, and saw 7 of its levels.
You also visited: Sewer.

You collected 449 gold pieces.

Inventory:

Hand Weapons
 i - a +2 dagger of venom
 x - the +6 mace "Ymuar" {antimagic, +Rage MR+}
   (You found it on level 4 of the Dungeon)

   It reduces the magical energy of the wielder, and disrupts the spells and
   magical abilities of those hit.
   Natural abilities and divine invocations are not affected.
   It affects your resistance to hostile enchantments.
   It lets you go berserk.
 y - a +3 dagger
 E - a +1 dagger of freezing
 G - the +10 long sword of Hepliaklqana's Hatred (weapon) {vorpal, Int+5}
   (You found it on level 6 of the Dungeon)

   It inflicts extra damage upon your enemies.
   It affects your intelligence (+5).
Missiles
 v - 31 poisoned darts (quivered)
Armour
 n - a +0 barding (worn)
 p - a +0 helmet (worn)
 u - a +0 leather armour (worn)
Jewellery
 a - an uncursed ring of magical power {unknown}
 m - a +6 ring of dexterity (right hand)
 t - a +6 ring of strength (left hand)
Wands
 r - a wand of iceblast (2)
 D - a wand of acid (7)
Scrolls
 b - 5 scrolls of remove curse
 e - 2 scrolls of immolation
 f - 3 scrolls of teleportation
 j - 2 scrolls of blinking
 l - 4 scrolls of noise
 o - 3 scrolls of amnesia
 B - a scroll of identify
 C - a scroll of vulnerability {unknown}
 F - 2 scrolls of fog {unknown}
Potions
 c - 3 potions of curing
 d - 2 potions of haste {unknown}
 g - 2 potions of mutation {unknown}
 h - 6 potions of stabbing {unknown}
 k - 2 potions of cancellation
 q - 4 potions of heal wounds {unknown}
 s - a potion of lignification {unknown}
 w - a potion of might {unknown}
 z - a potion of berserk rage {unknown}
 A - a potion of brilliance {unknown}


   Skills:
 + Level 3.3 Fighting
 - Level 0.7 Short Blades
 + Level 0.1(0.4) Long Blades
 + Level 4.1 Armour
 + Level 3.8 Dodging
 + Level 8.1 Stealth
 + Level 5.7 Spellcasting
 + Level 3.8 Conjurations
   Level 1.0 Summonings
 + Level 1.2 Translocations
 + Level 2.8 Air Magic
 + Level 8.1 Poison Magic
 + Level 1.1 Evocations


You had 10 spell levels left.
You knew the following spells:

 Your Spells              Type           Power        Failure   Level
a - Magic Dart            Conj           ###.         2%          1
b - Mephitic Cloud        Conj/Pois/Air  ####....     4%          3
c - Conjure Flame         Conj/Fire      ##......     14%         3
d - Blink                 Tloc           N/A          10%         2

Your spell library contained the following spells:

 Spells                   Type           Power        Failure   Level
 Foxfire                  Conj/Fire      ##..         4%          1
 Apportation              Tloc           ##....       6%          1
 Summon Small Mammal      Summ           ##..         7%          1
 Animate Skeleton         Necr           #.....       11%         1
 Corona                   Hex            #......      11%         1
 Call Imp                 Summ           ##......     11%         2
 Dazzling Flash           Conj/Hex       ##....       14%         3
 Ensorcelled Hibernation  Hex/Ice        #.....       16%         2
 Slow                     Hex            #.......     16%         2
 Confusing Touch          Hex            #.......     32%         3
 Tukima's Dance           Hex            #.......     32%         3
 Cause Fear               Hex            #.........   71%         4
 Silence                  Hex/Air        ##........   86%         5
 Yara's Violent Unravell  Hex/Tmut       #.........   96%         5
 Discord                  Hex            #.........   100%        8


Dungeon Overview and Level Annotations

Branches:
Dungeon (7/15)              Sewer (visited)
 Temple: D:4-7

Altars:
Ashenzari
Cheibriados
Dithmenos
Fedhas
Gozag
Kikubaaqudgha
Qazlal
Ru
Trog
Uskayaw
Vehumet
Wu Jian
Xom
Yredelemnul
The Shining One

Annotations:
D:4 2 transporters, Whiskey's ghost, amateur FoFi


Innate Abilities, Weirdness & Mutations

You cannot wear boots.
Your serpentine skin is tough. (AC +3)
You have supernaturally acute eyesight. (SInv)
Armour fits poorly on your strangely shaped body.
Your system is resistant to poisons. (rPois)
You cover ground very slowly.
You can spit poison.


Message History

Vehumet accepts your kill.
Your Poison Magic skill increases to level 8!
You start resting.
A bullfrog comes into view.
A boulder beetle comes into view.
Casting: Magic Dart (safe; 2% risk of failure)
Confirm with . or Enter, or press ? or * to list all spells.
Aiming: Mephitic Cloud (dangerous; 4% risk of failure)
Press: ? - help, Shift-Dir - straight line, f - bullfrog
Aim: a bullfrog (wandering, hasn't noticed you)
The ball explodes into a vile cloud!
The stinking cloud engulfs the bullfrog but does no damage.
The bullfrog gives a loud, deep croak!
The bullfrog is engulfed in noxious fumes.
The bullfrog appears confused.
Unknown command.
The boulder beetle curls into a ball and begins rolling!
The boulder beetle hits you!!!
Ouch! That really hurt!
You die...

.....#.#.#.....#
.....##.##.....#
......#.#......#
......#(#......#
.......○☼......#
######F○#○......#
........○.......#
........B.......#
........@.......#
................#
................#
................#
................#
................#
####+#######+####


You could see a boulder beetle and a bullfrog (confused).

Vanquished Creatures
  A two-headed ogre (D:6)
  Edmund (D:5)
  Purgy (Sewer)
  An orc warrior (D:7)
  2 ice beasts
  2 ogres
  3 sky beasts (D:6)
  A phantom (D:6)
  2 centaurs (D:6)
  A big kobold (D:7)
  3 bullfrogs (D:6)
  5 wights (D:5)
  A bullfrog zombie (D:6)
  A centaur zombie (D:6)
  A quasit (D:6)
  A hound (D:6)
  A jelly (D:5)
  3 orc wizards
  2 bullfrog skeletons (D:6)
  3 centaur skeletons
  An iguana (D:5)
  Natasha (thrice) (D:3)
  4 worker ants
  A hound skeleton (D:6)
  A howler monkey zombie (D:6)
  7 gnolls
  5 adders
  A shadow imp (D:6)
  2 white imps (D:6)
  An ufetubus (D:6)
  An ooze (D:2)
  3 worms
  A dart slug (D:1)
  5 leopard geckos
  4 orcs
  2 ball pythons
  3 bats
  10 giant cockroaches
  4 goblins
  9 hobgoblins
  7 jackals
  3 quokkas
  4 frilled lizards
  12 kobolds
  9 rats
139 creatures vanquished.

Vanquished Creatures (others)
  A bush (D:6)
1 creature vanquished.

Grand Total: 140 creatures vanquished

Notes
Turn   | Place    | Note
-------+----------+-------------------------------------------
     0 | D:1      | zazu2006 the Naga Hedge Wizard began the quest for the Orb.
     0 | D:1      | Reached XP level 1. HP: 15/15 MP: 4/4
    66 | D:1      | Reached XP level 2. HP: 12/22 MP: 1/6
  1289 | D:2      | Reached XP level 3. HP: 25/28 MP: 5/8
  1318 | D:2      | Found an ornate altar of the Wu Jian Council.
  1518 | D:2      | Reached XP level 4. HP: 32/36 MP: 2/10
  1592 | D:2      | Found a sacrificial altar of Ru.
  1749 | D:2      | Found a snail-covered altar of Cheibriados.
  1751 | D:2      | Found a stormy altar of Qazlal.
  1794 | D:2      | Found a broken altar of Ashenzari.
  2149 | D:2      | Found a radiant altar of Vehumet.
  2161 | D:2      | Became a worshipper of Vehumet
  2262 | D:3      | Noticed Natasha
  2270 | D:3      | Found a white marble altar of Elyvilon.
  2273 | D:3      | Found a blossoming altar of Fedhas.
  2273 | D:3      | Found a bloodstained altar of Trog.
  2283 | D:3      | Found a shimmering altar of Xom.
  2283 | D:3      | Found a blossoming altar of Fedhas.
  2283 | D:3      | Found a sacrificial altar of Ru.
  2285 | D:3      | Killed Natasha
  2285 | D:3      | Reached XP level 5. HP: 20/42 MP: 6/11
  2307 | D:3      | Learned a level 3 spell: Mephitic Cloud
  2316 | D:3      | Noticed Natasha
  2326 | D:3      | Killed Natasha
  2326 | D:3      | Reached skill level 1 in Armour
  2445 | D:3      | Noticed Natasha
  2460 | D:3      | Killed Natasha
  2486 | D:3      | Found a glowing drain.
  2522 | Sewer    | Entered a sewer
  2614 | Sewer    | Noticed Purgy
  2637 | Sewer    | Killed Purgy
  2637 | Sewer    | Reached skill level 1 in Poison Magic
  2637 | Sewer    | Reached XP level 6. HP: 22/49 MP: 2/12
  2877 | Sewer    | Learned a level 3 spell: Conjure Flame
  2880 | Sewer    | Learned a level 2 spell: Blink
  3025 | D:3      | Reached * piety under Vehumet
  3025 | D:3      | Offered knowledge of Sandblast by Vehumet.
  3498 | D:4      | Found a basalt altar of Yredelemnul.
  3500 | D:4      | Found a hide-covered altar of Uskayaw.
  3502 | D:4      | Found a shadowy altar of Dithmenos.
  3502 | D:4      | Found an ancient bone altar of Kikubaaqudgha.
  3517 | D:4      | Reached XP level 7. HP: 25/56 MP: 10/14
  3820 | D:4      | Found an opulent altar of Gozag.
  3960 | D:4      | Found a transporter.
  3960 | D:4      | Identified the cursed +1 great mace of the Freezing Vulture
                  | {venom, rF+ Dex+2}
  3962 | D:4      | Found a transporter.
  3963 | D:4      | Noticed Whiskey's ghost (amateur FoFi)
  3990 | D:4      | Reached skill level 5 in Stealth
  4061 | D:4      | Found a glowing golden altar of the Shining One.
  4355 | D:4      | Got an iridescent mace
  4356 | D:4      | Identified the +6 mace "Ymuar" {antimagic, +Rage MR+} (You
                  | found it on level 4 of the Dungeon)
  4472 | D:5      | Entered Level 5 of the Dungeon
  4563 | D:5      | Noticed Edmund
  4577 | D:5      | Reached skill level 1 in Fighting
  4599 | D:5      | Killed Edmund
  4599 | D:5      | Reached skill level 5 in Spellcasting
  5012 | D:5      | Reached XP level 8. HP: 58/67 MP: 15/15
  5882 | D:6      | Reached skill level 5 in Poison Magic
  5956 | D:6      | Reached ** piety under Vehumet
  6015 | D:6      | Noticed a two-headed ogre
  6031 | D:6      | Killed a two-headed ogre
  6031 | D:6      | Offered knowledge of Foxfire by Vehumet.
  6031 | D:6      | Reached skill level 1 in Air Magic
  6031 | D:6      | Reached skill level 1 in Evocations
  6031 | D:6      | Reached XP level 9. HP: 19/75 MP: 4/17
  7150 | D:6      | Found a bloodstained altar of Trog.
  7288 | D:6      | Got a pitted long sword
  7289 | D:6      | Identified the +10 long sword of Hepliaklqana's Hatred
                  | {vorpal, Int+5} (You found it on level 6 of the Dungeon)
  7605 | D:7      | Identified the ring of Eskapp {Dex+3 Stlth-}
  7628 | D:7      | Noticed a boulder beetle
  7632 | D:7      | Demolished by a boulder beetle

Illustrated notes

Levels and vault maps discovered:
D:1:      wander_arrival_desolate, layout_basic
D:2:      layout_basic, lemuel_crystal_altar,
          nicolae_ru_great_annihilating_truth, evilmike_ruin_ashenzari,
          vehumet_crystals, chequers_temple_overflow_statue_of_worship
D:3:      layout_rooms, portal_sewer_entry_f, doesnt_xom_only_xom, uniq_natasha
D:4:      layout_cave_pods, nicolae_tso_swordbearing_angel,
          grunt_temple_overflow_open, gammafunk_ghost_smash, dk_noncrumbling_3,
          nicolae_gozag_seed_capital
D:5:      layout_cave_pools, bh_walls_and_bars, uniq_edmund
D:6:      cheibrodos_barr_body, layout_loops_ring, kennysheep_mini,
          minmay_hedge_maze
D:7:      minmay_the_grid_triangle_9x9_recursive_2
          [minmay_the_grid_triangle_9x9_prize_center,
          minmay_the_grid_triangle_9x9_shrine,
          minmay_the_grid_triangle_9x9_checkered,
          minmay_the_grid_triangle_9x9_windchime], layout_gridville,
          minmay_temple_entry_proselytizer, grunt_ministairs_11

Skill      XL: |  1  2  3  4  5  6  7  8  9 |
---------------+----------------------------+-----
Spellcasting   | 4 5 |  5.7
Dodging        | 2 3 |  3.8
Armour         | 1 2 3 4 |  4.1
Conjurations   | 2 3 |  3.8
Stealth        | 4 5 7 8 |  8.1
Poison Magic   | 1 2 4 6 8 |  8.1
Fighting       | 1 3 |  3.3
Air Magic      | 1 2 |  2.8
Evocations     | 1 |  1.1
Short Blades   | |  0.7
Long Blades    | |  0.1
Summonings     | |  1.0
Translocations | |  1.2

Action                   |  1- 3 |  4- 6 |  7- 9 || total
-------------------------+-------+-------+-------++-------
Melee: Dagger            |    35 |    97 |   271 ||   403
       Long sword        |       |       |    12 ||    12
       Mace              |       |       |     6 ||     6
 Cast: Magic Dart        |    55 |    76 |    59 ||   190
       Mephitic Cloud    |       |     6 |    14 ||    20
       Blink             |       |       |     4 ||     4
 Abil: Spit Poison       |    13 |     9 |     6 ||    28
       Evoke Berserk Rag |       |       |     2 ||     2
Evoke: Wand              |       |     6 |     3 ||     9
  Use: Scroll            |       |     9 |     1 ||    10
       Potion            |       |     1 |       ||     1
 Stab: Sleeping          |       |     3 |    12 ||    15
       Confused          |       |     4 |     7 ||    11
       Paralysed         |       |       |     4 ||     4
       Distracted        |       |       |     1 ||     1
Armor: Robe              |    19 |    10 |       ||    29
       Leather armour    |       |    49 |   108 ||   157
Dodge: Dodged            |    27 |    74 |   110 ||   211
       Rpst.: Long sword |       |       |     2 ||     2

Table legend: (Time is in decaauts)
 A = Elapsed time spent in this place.
 B = Non-inter-level travel time spent in this place.
 C = Inter-level travel time spent in this place.
 D = Time resting spent in this place.
 E = Time spent auto-exploring this place.
 F = Levels seen in this place.
 G = Mean time per level.
                   A        B        C        D        E       F      G
               +--------+--------+--------+--------+--------+-----+--------+
         Total |   9171 |   9018 |    153 |    949 |   6475 |   8 | 1146.4 |
       Dungeon |   8654 |   8501 |    153 |    695 |   6290 |   7 | 1236.3 |
         Sewer |    516 |    516 |      0 |    254 |    185 |   1 |  516.0 |
               +--------+--------+--------+--------+--------+-----+--------+

Top non-repeatable levels by time:
     D:6: 1947 daAuts
     D:1: 1552 daAuts
     D:5: 1552 daAuts
     D:4: 1447 daAuts
     D:2: 1217 daAuts
     D:3: 731 daAuts
   Sewer: 516 daAuts
     D:7: 207 daAuts
